Map: Arctic Dream LE

Players

NickyLarson

  • Race: Terran Terran

Zoro

  • Race: Zerg Zerg

Massa - Winner!

  • Race: Terran Terran
  • League: Platinum

qqq - Winner!

  • Race: Zerg Zerg

VOD

Have the link to the VOD?

Description

Time

  • Played on: April 19, 2021, 4:21 p.m.
  • Length: 21:17
Show
View Real Time Build Order
Export as new Build Order

NickyLarson Terran 

Build Orders: 2 Factory, Mech 

Get SALT Encoding   

  12  0:00  SCV  
  13  0:12  SCV  
  14  0:23  Supply Depot  
  14  0:24  SCV  
  15  0:45  SCV  
  16  0:56  Barracks x2  
  16  1:00  SCV  
  17  1:12  SCV  
  18  1:36  SCV  
  18  1:38  Refinery  
  19  1:49  SCV, Barracks  
  19  1:50  Marine  
  19  1:52  Supply Depot  
  20  1:59  Marine  
  21  2:08  Marine  
  21  2:11  SCV  
  22  2:24  Marine  
  22  2:26  Marine  
  22  2:29  Orbital Command  
  24  2:42  Marine  
  23  2:56  Marine  
  24  3:01  Marine  
  26  3:05  SCV  
  26  3:08  Factory  
  26  3:24  Factory  
  26  3:25  SCV  
  27  3:28  Supply Depot  
  27  3:36  Command Center  
  27  3:41  Bunker  
  27  3:57  Factory Reactor  
  27  4:04  Bunker  
  27  4:22  Hellion  
  28  4:34  Hellion  
  28  4:35  Hellion  
  27  4:50  Hellion  
  29  4:56  Hellion  
  29  5:13  Factory Reactor  
  29  5:15  SCV  
  32  5:21  Factory Tech Lab  
  32  5:22  Orbital Command  
  32  5:26  Supply Depot  
  32  5:27  SCV  
  31  5:39  SCV  
  24  6:09  Hellion x3  
  24  6:10  Infernal Pre-Igniter  
  26  6:15  Engineering Bay  
  26  6:20  SCV x2  
  26  6:23  Supply Depot  
  28  6:26  Supply Depot  
  28  6:31  Hellion x3  
  35  6:32  SCV  
  35  6:33  SCV  
  35  6:34  Refinery  
  36  6:44  SCV  
  36  6:45  SCV  
  38  6:52  Hellion x3  
  38  6:53  Missile Turret  
  44  6:55  Missile Turret  
  44  6:59  SCV, Missile Turret  
  45  7:02  Missile Turret  
  45  7:07  SCV  
  46  7:09  Supply Depot  
  46  7:12  SCV  
  47  7:19  SCV  
  48  7:24  SCV, Missile Turret  
  35  8:14  Missile Turret  
  35  8:17  Missile Turret  
  35  8:19  SCV x2  
  37  8:31  SCV x2  
  35  8:42  Missile Turret  
  35  8:43  SCV x2  
  35  8:45  Refinery, Hellion x3  
  43  8:55  Refinery, SCV x2  
  45  9:06  Hellion  
  45  9:07  SCV, Hellion x2  
  45  9:09  Supply Depot  
  52  9:21  Armory  
  52  9:28  Widow Mine x2  
  56  9:31  Supply Depot  
  56  9:32  SCV x2  
  56  9:37  Supply Depot  
  56  9:38  Supply Depot  
  58  9:41  Refinery  
  58  9:44  SCV x2  
  60  10:06  SCV  
  61  10:23  Siege Tank  
  64  10:37  SCV x2  
  66  10:48  Terran Vehicle Weapons Level 1  
  66  10:49  SCV x2, Command Center, Hellbat x2  
  72  10:51  Factory  
  72  10:55  Thor  
  58  11:20  Hellbat x2  
  62  11:38  Missile Turret  
  54  12:23  Factory  
  54  12:24  Factory  
  54  12:25  Missile Turret  
  54  12:34  Missile Turret  
  54  12:36  Thor  
  60  12:37  Hellbat  
  60  12:38  Factory Tech Lab, Hellbat  
  60  12:42  Terran Vehicle Weapons Level 2  
  64  12:45  Missile Turret  
  64  12:49  SCV x2  
  66  12:52  Planetary Fortress  
  66  13:01  SCV x2  
  68  13:06  Sensor Tower, Missile Turret x2  
  68  13:09  Factory Tech Lab x2  
  68  13:23  SCV x2  
  68  13:26  Missile Turret  
  70  13:29  SCV  
  71  13:35  SCV x2  
  71  13:40  Refinery, Command Center  
  71  13:41  SCV  
  74  13:42  Refinery  
  74  13:45  Supply Depot  
  74  13:47  SCV x2  
  76  13:49  Supply Depot  
  76  13:53  Siege Tank x2  
  76  13:54  Siege Tank  
  76  13:55  Siege Tank  
  88  13:56  Hellbat x2  
  88  14:02  Missile Turret  
  92  14:19  Supply Depot  
  92  14:21  Sensor Tower  
  92  14:25  Supply Depot  
  92  14:32  Thor  
  92  14:33  Thor  
  92  14:34  Siege Tank x2  
  92  14:35  Hellbat x2  
  114  14:41  Hi-Sec Auto Tracking, Supply Depot  
  114  14:45  SCV x3  
  117  14:49  Supply Depot  
  117  14:54  Command Center  
  117  14:58  Terran Vehicle And Ship Armor Level 1  
  117  15:00  Missile Turret  
  117  15:01  Missile Turret  
  117  15:04  Orbital Command  
  117  15:19  Sensor Tower  
  117  15:22  Missile Turret x2  
  117  15:24  Thor, Siege Tank  
  126  15:36  Thor  
  126  15:38  Missile Turret  
  126  15:39  Siege Tank  
  135  15:44  Missile Turret  
  73  16:20  Siege Tank x2  
  73  16:21  Thor, Siege Tank  
  73  16:22  Hellbat x2  
  92  16:40  Planetary Fortress  
  92  16:42  SCV x4  
  96  16:50  Hellbat  
  96  16:52  Thor  
  96  16:53  Siege Tank x2  
  111  16:54  SCV x3  
  113  17:04  Siege Tank  
  113  17:08  Missile Turret  
  116  17:12  Hellbat x2  
  119  17:25  Hellbat x2  
  123  17:30  Missile Turret  
  123  17:33  Hellbat x2  
  127  17:47  Siege Tank x4  
  139  17:55  Hellbat x2  
  139  17:57  Refinery  
  106  18:25  Refinery  
  100  18:40  Thor x2, Siege Tank  
  100  18:41  Siege Tank  
  116  18:42  Hellbat x2  
  120  19:03  Hellbat  
  120  19:04  Hellbat  
  124  19:13  Siege Tank  
  124  19:15  Thor  
  133  19:23  Thor, Siege Tank  
  142  19:25  Hellbat x2  
  110  19:46  Hellbat x2  
  90  20:04  Thor x2, Siege Tank  
  90  20:06  Siege Tank  
  108  20:08  Hellbat x2  
  112  20:17  SCV x4  
  112  20:18  SCV  
  109  20:29  SCV x2, Hellbat x2  
Show
View Real Time Build Order
Export as new Build Order

Zoro Zerg 

Build Orders: Pool First 

Get SALT Encoding   

  12  0:00  Drone  
  13  0:09  Drone  
  14  0:16  Extractor  
  14  0:17  Drone  
  14  0:33  Spawning Pool  
  13  0:36  Drone  
  14  0:45  Overlord  
  15  1:04  Drone x2  
  16  1:20  Metabolic Boost  
  16  1:22  Queen  
  16  1:23  Zergling x2  
  19  1:28  Zergling x2  
  19  1:30  Zergling x2  
  21  1:40  Overlord  
  21  2:05  Zergling x4  
  23  2:11  Hatchery  
  22  2:18  Zergling x2  
  23  2:28  Zergling x2  
  24  2:35  Zergling x8  
  27  2:48  Zergling x2  
  28  3:09  Zergling x2  
  28  3:12  Overlord  
  29  3:14  Lair  
  29  3:43  Zergling x2  
  29  3:44  Zergling x14  
  32  4:07  Zergling x10  
  33  4:34  Drone  
  33  4:35  Drone x3  
  37  4:41  Spire  
  36  5:10  Drone x6  
  42  5:24  Spine Crawler  
  42  5:28  Drone x2  
  43  5:32  Extractor  
  30  6:14  Drone  
  30  6:15  Drone x6  
  37  6:36  Queen  
  37  6:37  Queen  
  37  6:39  Drone x2  
  43  6:41  Overlord x2  
  43  7:02  Drone x6  
  49  7:10  Spine Crawler  
  49  7:13  Spine Crawler  
  47  7:26  Drone x3  
  47  7:27  Drone  
  49  8:00  Spore Crawler  
  49  8:04  Queen, Spore Crawler  
  49  8:07  Drone x3  
  49  8:10  Overlord x3  
  52  8:22  Spore Crawler  
  52  8:25  Extractor  
  50  8:27  Extractor  
  50  8:30  Spore Crawler  
  48  8:44  Mutalisk x2  
  48  8:45  Mutalisk x7  
  48  8:47  Zerg Flyer Weapons Level 1  
  66  9:03  Mutalisk x2  
  70  9:15  Mutalisk x3  
  76  9:17  Overlord x2  
  76  9:41  Mutalisk x3  
  82  10:02  Mutalisk  
  82  10:05  Overlord x4  
  82  10:28  Mutalisk x4  
  88  10:43  Mutalisk  
  88  10:44  Mutalisk  
  39  11:24  Mutalisk  
  39  11:25  Mutalisk x3  
  36  12:00  Spawning Pool  
  35  12:02  Drone x3  
  35  12:03  Hatchery  
  37  12:26  Drone x2  
  37  13:00  Drone x3  
  40  13:19  Drone  
  42  13:20  Drone x4  
  45  13:28  Lair  
  45  13:43  Drone x2  
  45  13:44  Drone x2  
  49  13:48  Drone x2  
  49  13:52  Drone  
  52  14:09  Pneumatized Carapace  
  52  14:17  Drone x3  
  52  14:21  Extractor, Drone  
  52  14:22  Drone x2  
  52  14:23  Drone x2  
  59  14:27  Overseer x3  
  59  14:40  Spore Crawler  
  59  14:42  Spore Crawler  
  57  14:56  Spire  
  54  15:40  Hatchery  
  53  15:44  Hatchery  
  26  16:21  Mutalisk  
  26  16:22  Mutalisk x13  
  48  16:42  Mutalisk x3  
  49  17:00  Drone  
  50  17:07  Overseer  
  50  17:11  Drone x3  
  47  17:40  Drone x6  
  53  18:02  Hatchery  
  53  18:03  Spire  
  53  18:04  Drone x3  
  54  18:06  Drone x9  
  59  18:27  Drone  
  59  18:28  Drone x4  
  59  18:33  Extractor x2  
  62  18:35  Queen  
  64  18:56  Drone x3  
  64  18:58  Drone x3  
  70  19:04  Overseer x3  
  70  19:14  Mutalisk  
  70  19:15  Mutalisk x7  
  74  19:40  Mutalisk x2  
  70  20:01  Mutalisk  
  70  20:02  Mutalisk x2  
  75  20:14  Spire  
Show
View Real Time Build Order
Export as new Build Order

Massa Terran - Winner!

Build Orders:  

Get SALT Encoding   

  12  0:00  SCV  
  13  0:12  SCV  
  14  0:17  Supply Depot  
  14  0:24  SCV  
  15  0:39  SCV  
  15  0:40  Barracks  
  16  0:45  Refinery  
  16  0:51  SCV  
  17  1:03  SCV  
  18  1:08  Barracks  
  18  1:15  SCV  
  19  1:27  SCV, Supply Depot  
  20  1:34  Reaper  
  21  1:44  Orbital Command  
  21  2:07  Reaper  
  21  2:08  Reaper  
  21  2:30  Bunker  
  21  2:42  Command Center  
  20  3:04  Reaper x2  
  20  3:05  SCV  
  23  3:13  Supply Depot  
  23  3:17  SCV  
  24  3:29  SCV  
  24  3:31  Factory  
  25  3:48  Reaper  
  25  3:50  Marine  
  27  4:08  Marine  
  28  4:10  SCV  
  28  4:11  Orbital Command  
  29  4:20  Marine  
  29  4:22  SCV  
  31  4:26  Marine  
  32  4:38  Marine  
  33  4:48  Marine  
  33  4:50  SCV x2  
  36  4:56  Marine  
  36  4:58  Command Center  
  36  4:59  Barracks  
  37  5:00  Barracks  
  37  5:02  SCV x2  
  37  5:04  Starport  
  37  5:06  Marine  
  37  5:14  SCV  
  37  5:15  Barracks Reactor, Hellion  
  40  5:32  Barracks Tech Lab  
  40  5:37  Hellion  
  40  5:46  Starport Tech Lab  
  40  5:49  Barracks Reactor, Barracks Tech Lab  
  39  6:00  Barracks Reactor  
  39  6:03  Refinery x2  
  39  6:05  Refinery  
  39  6:06  Hellion x2  
  39  6:10  Marine x2  
  45  6:18  Banshee  
  48  6:25  SCV  
  48  6:27  Hellion x2  
  48  6:28  Marine x2  
  55  6:45  Marine  
  55  6:46  Marine  
  57  6:47  Cloaking Field  
  57  6:50  Marine x3  
  57  6:51  Marine  
  61  7:01  Banshee  
  64  7:03  Marine, Stimpack  
  64  7:04  Marine  
  66  7:09  Hellion  
  66  7:11  Combat Shield  
  68  7:20  Supply Depot  
  68  7:21  Supply Depot  
  68  7:23  Supply Depot x2  
  68  7:24  Supply Depot  
  68  7:27  Supply Depot  
  68  7:33  Hellion  
  68  7:46  Supply Depot  
  66  8:09  Marauder x2, Marine x4  
  66  8:11  Medivac  
  76  8:15  Widow Mine x2  
  80  8:26  Marine  
  81  8:30  Marauder x2  
  82  8:45  Medivac  
  84  8:55  Widow Mine x2, SCV x2  
  90  9:07  SCV x2  
  92  9:15  Medivac  
  92  9:16  Widow Mine x2  
  98  9:19  SCV  
  98  9:20  SCV  
  98  9:22  Marauder x2, Marine  
  105  9:29  Orbital Command  
  105  9:32  SCV x2  
  105  9:37  Engineering Bay  
  107  9:43  Marauder x2  
  107  9:44  SCV  
  112  9:45  SCV  
  113  9:56  SCV  
  113  9:58  SCV  
  112  10:08  SCV  
  113  10:27  Widow Mine x2  
  113  10:28  Marine x5  
  118  10:29  SCV x2, Marine  
  125  10:40  Supply Depot  
  125  10:41  Missile Turret  
  125  10:42  Supply Depot  
  125  10:45  Missile Turret  
  125  10:56  Marine  
  125  10:57  SCV, Marine  
  125  10:58  SCV, Marine x2  
  125  10:59  SCV  
  125  11:02  Widow Mine x2  
  127  11:05  Supply Depot  
  127  11:07  Supply Depot  
  127  11:09  SCV  
  120  11:23  Widow Mine  
  121  11:31  Supply Depot  
  121  11:32  Supply Depot  
  117  11:52  Medivac  
  97  11:55  Marauder x2, Marine, Supply Depot  
  97  11:56  Marine x3  
  106  12:01  SCV x3  
  108  12:13  SCV x3, Marine  
  108  12:14  Marine, Command Center  
  115  12:16  Marauder  
  115  12:17  Marauder  
  115  12:21  Concussive Shells, Missile Turret  
  115  12:22  Widow Mine x2, Missile Turret  
  125  12:23  Missile Turret x2  
  125  12:25  SCV x3  
  124  12:31  Marine  
  125  12:37  SCV x2  
  125  12:40  Medivac x2  
  125  12:42  Marauder x3, Marine  
  125  12:43  Widow Mine  
  125  12:44  Widow Mine  
  142  12:45  SCV  
  142  12:48  Refinery  
  142  12:49  Refinery, SCV x2, Marine  
  146  12:57  SCV  
  147  13:00  Marine  
  147  13:01  SCV  
  147  13:02  Marine  
  147  13:03  Marine x2  
  152  13:07  Marine  
  152  13:11  Factory  
  153  13:14  Terran Infantry Weapons Level 1  
  153  13:19  Engineering Bay  
  151  13:23  Marine x3  
  151  13:24  Armory, Marauder, Marine  
  157  13:30  Medivac x2  
  163  13:41  Marauder  
  163  13:55  SCV x3  
  164  14:00  Medivac x2  
  168  14:06  Factory Tech Lab  
  168  14:07  SCV  
  168  14:08  Widow Mine x2, SCV x2  
  168  14:09  Marauder x3, Marine  
  182  14:10  Marine  
  182  14:11  Refinery  
  182  14:13  Refinery  
  182  14:15  Barracks  
  182  14:16  Barracks  
  183  14:17  Terran Infantry Armor Level 1  
  183  14:18  Terran Vehicle And Ship Armor Level 1  
  183  14:19  SCV, Barracks  
  183  14:20  SCV x2  
  186  14:27  Marine x2  
  186  14:29  Widow Mine  
  186  14:30  Marauder  
  186  14:31  Planetary Fortress  
  192  14:33  SCV  
  192  14:34  SCV x2  
  195  14:46  SCV, Missile Turret  
  195  14:48  Missile Turret x2  
  196  14:54  Supply Depot  
  196  14:55  Supply Depot  
  196  14:56  Supply Depot x2  
  196  14:58  Supply Depot  
  196  15:00  Supply Depot  
  196  15:05  Drilling Claws  
  196  15:07  Missile Turret  
  196  15:08  Barracks Reactor, Barracks Tech Lab x2  
  196  15:16  SCV x4  
  196  15:18  Medivac  
  196  15:19  Supply Depot  
  200  15:21  Supply Depot  
  200  15:23  Supply Depot  
  200  15:52  Medivac  
  129  16:24  Smart Servos  
  129  16:27  Marauder x3, Marine  
  129  16:28  Marauder x2, Marine x3  
  129  16:29  Widow Mine x2  
  129  16:31  Siege Tank  
  150  16:45  Marine x4  
  131  17:02  Command Center  
  131  17:04  Command Center  
  131  17:11  Sensor Tower  
  131  17:12  Missile Turret  
  131  17:13  Marauder x4, Marine x4, Missile Turret  
  131  17:15  Widow Mine, Missile Turret, Siege Tank  
  152  17:16  Widow Mine  
  142  17:31  Starport, Marine x4  
  142  17:32  Missile Turret  
  142  17:33  Marine  
  142  17:34  Marine  
  148  17:47  Siege Tank  
  151  17:58  Widow Mine x2  
  155  18:00  Raven  
  155  18:01  Corvid Reactor  
  155  18:03  Terran Infantry Weapons Level 2  
  155  18:04  Terran Infantry Armor Level 2  
  155  18:05  Terran Vehicle And Ship Armor Level 2  
  157  18:19  Widow Mine, Siege Tank  
  156  18:20  Widow Mine  
  156  18:37  Starport Reactor  
  156  18:41  Widow Mine x2  
  160  18:42  Raven  
  162  18:51  Siege Tank  
  162  18:55  Missile Turret x2  
  165  18:59  Missile Turret x2  
  165  19:00  Missile Turret  
  165  19:01  Missile Turret  
  165  19:13  Marauder x4, Marine  
  165  19:14  Marine x5  
  165  19:16  Medivac x2  
  183  19:17  Missile Turret x3  
  183  19:18  Missile Turret x3  
  183  19:22  Missile Turret  
  183  19:25  Raven  
  183  19:27  Widow Mine x2, Siege Tank  
  192  19:31  Marine  
  192  19:32  Marine x3  
  192  19:34  Marauder x2  
  176  20:42  Marauder x3  
Show
View Real Time Build Order
Export as new Build Order

qqq Zerg - Winner!

Build Orders: Hatch First, Lurkers 

Get SALT Encoding   

  12  0:02  Drone  
  13  0:11  Drone  
  14  0:18  Overlord  
  14  0:44  Hatchery  
  13  1:14  Drone x2, Spawning Pool  
  13  1:15  Extractor  
  13  1:29  Drone x2  
  15  1:42  Drone  
  16  2:00  Drone x2  
  16  2:01  Drone  
  19  2:16  Queen, Zergling x4  
  23  2:23  Metabolic Boost  
  23  2:26  Zergling x4  
  26  2:30  Zergling x2  
  26  2:35  Zergling x2  
  27  2:40  Zergling x2  
  28  2:46  Overlord  
  28  2:52  Overlord  
  28  3:04  Queen  
  30  3:07  Drone  
  30  3:08  Zergling x2  
  30  3:12  Zergling x2  
  33  3:14  Drone  
  33  3:18  Zergling x2  
  35  3:24  Overlord  
  35  3:40  Spine Crawler  
  34  3:48  Zergling x10  
  39  3:57  Drone  
  37  4:06  Zergling x2  
  38  4:30  Zergling x14  
  38  4:31  Zergling x2  
  46  4:34  Lair  
  46  4:35  Baneling Nest  
  45  4:46  Drone x3  
  45  4:47  Drone  
  49  4:56  Drone x3  
  52  5:12  Overlord x2  
  52  5:13  Overlord x2  
  52  5:22  Baneling  
  52  5:23  Baneling x6  
  52  5:25  Baneling x2  
  52  5:26  Baneling  
  40  6:10  Zergling x12  
  37  6:24  Drone, Zergling x2, Hydralisk Den  
  38  6:31  Baneling x6  
  38  6:32  Drone  
  39  6:33  Drone  
  40  6:44  Drone x2  
  42  6:48  Extractor  
  42  6:50  Drone x3, Extractor x2  
  42  6:55  Drone  
  42  6:57  Hatchery, Hydralisk  
  44  7:06  Drone  
  45  7:08  Drone  
  46  7:25  Drone x7  
  46  7:26  Lurker Den  
  52  7:33  Hydralisk  
  52  7:36  Hydralisk  
  56  7:39  Spine Crawler  
  56  7:42  Spine Crawler  
  48  7:57  Hydralisk x4  
  55  7:59  Drone x3  
  58  8:09  Evolution Chamber  
  58  8:10  Evolution Chamber  
  58  8:12  Hydralisk x2  
  60  8:23  Queen  
  60  8:24  Drone  
  63  8:29  Lurker x2  
  65  8:38  Drone x5  
  65  8:39  Drone x3  
  73  8:42  Lurker  
  74  8:51  Infestation Pit  
  73  8:57  Spine Crawler  
  72  9:03  Lurker  
  72  9:05  Extractor  
  72  9:07  Extractor  
  71  9:17  Zerg Missile Weapons Level 1  
  71  9:19  Zerg Ground Armor Level 1  
  71  9:25  Drone x4  
  71  9:27  Zergling x2  
  71  9:28  Zergling x2  
  77  9:37  Hive  
  77  9:38  Drone  
  77  9:39  Hatchery, Drone  
  77  9:44  Hatchery  
  77  10:15  Hydralisk x7  
  77  10:16  Hydralisk  
  77  10:17  Hydralisk  
  79  10:27  Spore Crawler  
  78  10:29  Spore Crawler  
  78  10:33  Spore Crawler  
  74  10:35  Spore Crawler  
  74  10:36  Spore Crawler  
  74  10:39  Spore Crawler  
  74  10:40  Hydralisk x2  
  74  10:41  Hydralisk, Spore Crawler  
  74  10:48  Muscular Augments  
  74  10:49  Hydralisk  
  61  11:05  Hydralisk x2  
  61  11:06  Hydralisk  
  61  11:09  Hydralisk  
  59  11:17  Hydralisk  
  59  11:19  Drone x2  
  59  11:24  Drone x2  
  63  11:28  Hydralisk  
  63  11:32  Drone  
  66  11:36  Viper  
  69  11:41  Viper  
  69  11:46  Spore Crawler  
  71  11:49  Drone x2  
  71  11:50  Drone  
  71  11:52  Drone  
  75  11:55  Drone  
  75  11:56  Drone  
  77  12:02  Hydralisk  
  77  12:03  Drone  
  77  12:05  Drone  
  78  12:11  Drone x3  
  78  12:15  Spore Crawler  
  80  12:18  Spore Crawler  
  80  12:19  Drone  
  80  12:20  Drone  
  80  12:21  Drone  
  82  12:30  Hydralisk x2  
  82  12:33  Overlord  
  82  12:34  Overlord  
  86  12:45  Overlord  
  86  12:50  Queen  
  88  13:01  Hydralisk x3  
  88  13:03  Hydralisk  
  96  13:12  Hydralisk x3  
  100  13:15  Grooved Spines  
  100  13:17  Zerg Missile Weapons Level 2  
  100  13:18  Zerg Ground Armor Level 2  
  102  13:21  Overlord  
  102  13:23  Overlord  
  102  13:31  Overlord  
  102  13:32  Overlord  
  102  13:38  Spore Crawler  
  102  13:40  Spore Crawler  
  100  13:41  Drone, Spine Crawler  
  100  13:43  Drone  
  100  13:44  Drone  
  100  13:47  Lurker  
  100  13:48  Lurker  
  104  13:50  Lurker  
  104  13:55  Seismic Spines  
  105  14:04  Hydralisk  
  105  14:05  Drone  
  108  14:16  Queen  
  108  14:18  Drone x4  
  108  14:19  Drone  
  108  14:21  Lurker  
  108  14:22  Lurker  
  117  14:29  Lurker x3  
  117  14:30  Lurker  
  121  14:32  Lurker  
  121  14:34  Hydralisk  
  121  14:36  Drone  
  121  14:37  Drone  
  126  14:39  Drone  
  126  14:40  Drone  
  126  14:42  Drone  
  129  14:52  Adaptive Talons  
  129  14:53  Drone x4  
  129  14:55  Overlord x2  
  133  15:07  Overlord  
  133  15:08  Overlord x4  
  133  15:16  Ultralisk Cavern  
  133  15:19  Spore Crawler  
  131  15:39  Hydralisk  
  131  15:40  Hydralisk x4  
  131  15:41  Drone x5  
  131  15:42  Zergling x4  
  148  15:43  Zergling x6  
  148  15:46  Extractor  
  148  15:47  Extractor  
  149  15:54  Extractor x2  
  127  16:10  Viper x5  
  132  16:14  Hydralisk x3, Zergling x8  
  136  16:19  Hydralisk  
  131  16:48  Hydralisk x3  
  131  16:49  Hydralisk x4  
  145  16:59  Drone x3  
  145  17:00  Drone  
  150  17:01  Drone x2  
  151  17:14  Ultralisk x2  
  163  17:18  Anabolic Synthesis  
  162  17:34  Zergling x2, Ultralisk  
  162  17:35  Drone, Zergling x10  
  162  17:36  Drone, Zergling x10  
  176  17:55  Ultralisk x2  
  176  17:56  Zergling x4  
  176  17:57  Overlord x2  
  190  18:01  Zerg Melee Weapons Level 1  
  161  18:24  Hydralisk x2, Ultralisk x2  
  161  18:25  Zergling x2  
  161  18:26  Drone x4, Zergling x4  
  165  18:27  Zergling x2  
  165  18:32  Drone x2  
  165  18:33  Drone  
  166  18:39  Lurker x2  
  168  18:46  Lurker x2  
  169  19:28  Hydralisk  
  169  19:29  Hydralisk x7  
  153  19:40  Hydralisk x3  
  153  19:41  Hydralisk x4  
  128  20:00  Viper x3  
  128  20:01  Hydralisk  
  128  20:02  Drone x2  
  128  20:03  Drone x3  
  144  20:17  Hydralisk x3  
  144  20:19  Ultralisk  
  144  20:20  Zergling x10  
  161  20:24  Hatchery  
Tags
 
Add a new tag
Caveats
  • Supply blocks, unpowered buildings, or Contaminate may cause inaccurate times.
  • Supply counts are checked every 10 seconds.